 Dungeon Crawl Stone Soup version 0.19-a0-1740-g0bcaf2e (webtiles) character file.

101 Amnesiac the Cudgeler (level 4, -7/49 HPs)
             Began as an Ogre Monk on Oct 1, 2016.
             Killed from afar by Blork the orc (10 damage)
             ... with a puff of frost
             ... on level 3 of the Dungeon.
             The game lasted 00:02:29 (1869 turns).

Amnesiac the Cudgeler (Ogre Monk)                   Turns: 1869, Time: 00:02:30

Health: -7/49      AC:  3    Str: 13 (16) XL:     4   Next: 75%
Magic:  0/4        EV: 10    Int:  7 (9)  God:
Gold:   45         SH:  0    Dex: 10 (13) Spells: 0 memorised, 3 levels left

rFire  . . .     SeeInvis .     l - +0 flail
rCold  . . .     Gourm    .     b - +0 robe
rNeg   . . .     Faith    .     (no shield)
rPois  .         Spirit   +     (helmet restricted)
rElec  .         Dismiss  .     (no cloak)
rCorr  .         Reflect  .     (gloves unavailable)
MR     .....     Harm     .     (boots unavailable)
Stlth  +.........               j - amulet of guardian spirit
                                (no ring)
                                (no ring)

@: hasted, very quick
A: unfitting armour, tough skin 1
a: no special abilities


You were on level 3 of the Dungeon.
You were very hungry.

You visited 1 branch of the dungeon, and saw 4 of its levels.

You collected 45 gold pieces.

Inventory:

Hand Weapons
 l - a +0 flail (weapon)
 p - a +0 trident
Armour
 b - a +0 robe (worn)
Jewellery
 j - an amulet of guardian spirit (around neck)
Scrolls
 a - a scroll of random uselessness {unknown}
 d - a scroll of identify {unknown}
 g - a scroll of fog {unknown}
 i - a scroll of enchant armour {unknown}
Comestibles
 c - 2 bread rations
 f - a slice of pizza
 h - a meat ration
 o - a beef jerky


   Skills:
 + Level 4.8 Fighting
 * Level 5.8 Maces & Flails
 + Level 3.3 Dodging
 - Level 1.5 Stealth


You had 3 spell levels left.
You didn't know any spells.

Dungeon Overview and Level Annotations

Branches:
Dungeon (4/15)
 Temple: D:4-7

Altars:
Ashenzari
Yredelemnul

Annotations:
D:3 Blork the orc, Grinder


Innate Abilities, Weirdness & Mutations

You are too large for most types of armour.
You have tough skin. (AC +1)


Message History

It was a potion of curing.
You feel better.
You hear some strange, mumbled words.
A puff of frost appears from out of thin air!
The puff of frost misses you.
You hit something. Something hits you but does no damage.
You hit something.
You hear some strange, mumbled words.
A magic dart appears from out of thin air!
The magic dart hits you!
* * * LOW HITPOINT WARNING * * *
Something hits you.
* * * LOW HITPOINT WARNING * * *
You closely miss something. Something hits you.
* * * LOW HITPOINT WARNING * * *
Unknown command.
It was a potion of haste.
You feel yourself speed up.
You hear some strange, mumbled words.
A puff of frost appears from out of thin air!
The puff of frost hits you!
You die...

#.# #.#...# #.#
#.#..>## #.#
#.#.#..# #.#
#.#.#..# #.#
#.#.#..# #.#
#.#.#..# #.#
#.#.#..#
#.######.#.#..#
#..[{@.....#..#
#..#####......#
######
#..#########.##
#.....
#............#
#.####
#.############
#.# #.# #.#
#.#############
#.#
#.............#
#.#
#############.#
#.#


There were no monsters in sight!

Vanquished Creatures
  A bullfrog skeleton (D:4)
  A worker ant (D:4)
  2 adders (D:3)
  2 worms (D:3)
  A dart slug (D:3)
  4 orcs (D:3)
  2 giant cockroaches (D:3)
  2 goblins (D:3)
  A kobold (D:3)
  A quokka (D:4)
  4 bats
  A frilled lizard (D:3)
  A quokka skeleton (D:4)
  A rat (D:3)
24 creatures vanquished.

Notes
Turn   | Place    | Note
-------+----------+-------------------------------------------
     0 | D:1      | Amnesiac the Ogre Monk began the quest for the Orb.
     0 | D:1      | Reached XP level 1. HP: 24/24 MP: 1/1
   445 | D:4      | Noticed a worker ant
   479 | D:3      | Reached XP level 2. HP: 32/32 MP: 2/2
   685 | D:2      | Found a shattered altar of Ashenzari.
   685 | D:2      | Found a basalt altar of Yredelemnul.
   920 | D:3      | Reached XP level 3. HP: 20/40 MP: 3/3
  1057 | D:3      | Noticed Grinder
  1141 | D:4      | Reached skill level 5 in Maces & Flails
  1141 | D:4      | Reached XP level 4. HP: 20/49 MP: 4/4
  1841 | D:4      | Noticed Blork the orc
  1869 | D:3      | Killed from afar by Blork the orc

Vault maps used:
D:1:      minmay_arrival_loop, serial_bayou_ford_a
D:2:      nicolae_overflow_hidden_temple, kennysheep_slug_shrine, minitemple,
          nicolae_ashenzari_panopticon, uniq_jessica
D:3:      uniq_grinder
D:4:      kennysheep_little_box, first_bread, uniq_blork_the_orc, uniq_duvessa

Skill      XL: |  1  2  3 |
---------------+----------+-----
Maces & Flails | 5 |  5.8
Dodging        | 3 |  3.3
Fighting       | |  4.8
Stealth        | |  1.5

Action                   |  1- 3 |  4- 6 || total
-------------------------+-------+-------++-------
Melee: Mace              |    47 |       ||    47
       Flail             |    18 |    65 ||    83
  Use: Potion            |       |     3 ||     3
 Stab: Sleeping          |     3 |     1 ||     4
       Distracted        |     1 |       ||     1
  Eat: Chunk             |     1 |     1 ||     2
Armor: Robe              |     9 |     7 ||    16
Dodge: Dodged            |    24 |    28 ||    52
